 Dungeon Crawl Stone Soup version 0.27-a0-1308-gc08437e49b (webtiles) character file.

Game seed: 5730031502304920030

290 lmSkywalker the Ducker (level 6, -4/46 HPs)
             Began as a Djinni Venom Mage on June 18, 2021.
             Slain by a phantom (5 damage)
             ... on level 3 of the Dungeon.
             The game lasted 00:17:46 (4895 turns).

lmSkywalker the Ducker (Djinni Venom Mage)          Turns: 4895, Time: 00:17:47

Health: -4/46      AC:  3    Str: 13    XL:     6   Next: 58%
Gold:   110        EV: 14    Int: 18    God:
                   SH:  0    Dex: 20

rFire    + + .     SeeInvis .   c - +2 short sword (venom)
rCold    x . .     Faith    .   (no shield)
rNeg     . . .     Spirit   .   a - +0 robe
rPois    ∞         Reflect  .   f - +0 helmet
rElec    .         Harm     .   (no cloak)
rCorr    .         Rampage  .   (no gloves)
Will     .....                  (boots unavailable)
Stlth    ++........             (no amulet)
HPRegen  0.15/turn              l - +6 ring of dexterity
MPRegen  0.00/turn              u - +6 ring of strength

@: flying
A: sickness immunity, fire resistance 2, cold vulnerability 1, float, innate
caster, hp casting, extra vitality 1
a: no special abilities


You were on level 3 of the Dungeon.
You visited 1 branch of the dungeon, and saw 4 of its levels.

You collected 110 gold pieces.

Inventory:

Hand Weapons
 c - a +2 short sword of venom (weapon)
Missiles
 t - 2 silver javelins
Armour
 a - a +0 robe (worn)
 f - a +0 helmet (worn)
 g - a +0 leather armour
Jewellery
 l - a +6 ring of dexterity (left hand)
 u - a +6 ring of strength (right hand)
Wands
 p - a wand of acid (9)
Scrolls
 b - a scroll of blinking {unknown}
 d - a scroll of immolation {unknown}
 e - 2 scrolls of identify {unknown}
 i - 2 scrolls of enchant armour {unknown}
 k - a scroll of holy word {unknown}
 n - a scroll of enchant weapon {unknown}
 q - a scroll of magic mapping {unknown}
 r - a scroll of fear {unknown}
 s - a scroll of acquirement {unknown}
Potions
 h - 2 potions of heal wounds {unknown}
 j - a potion of cancellation {unknown}
 m - a potion of flight {unknown}
 o - a potion of curing {unknown}


   Skills:
 + Level 3.1 Fighting
 + Level 4.2 Dodging
 - Level 1.5 Stealth
 * Level 3.8 Spellcasting


You couldn't memorise any spells.
You knew the following spells:

 Your Spells              Type           Power      Damage    Failure   Level
a - Sting                 Tmut/Pois      68%        1d6       3%          1
b - Poisonous Vapours     Pois/Air       34%        N/A       4%          2
c - Mephitic Cloud        Conj/Pois/Air  17%        N/A       10%         3
d - Ignite Poison         Fire/Tmut/Pois 17%        N/A       10%         3
e - Olgreb's Toxic Radia  Pois           17%        N/A       30%         4
f - Apportation           Tloc           34%        N/A       3%          1
g - Blink                 Tloc           N/A        N/A       4%          2
Your spell library was empty.

Dungeon Overview and Level Annotations

Branches:
Dungeon (4/15)
 Temple: D:4-7

Altars:
Okawaru
Wu Jian
Beogh

Shops:
D:2 [


Innate Abilities, Weirdness & Mutations

You are immune to sickness and miasma.
You are immune to poison.
Your flesh is very heat resistant. (rF++)
You are vulnerable to cold. (rC-)
You float through the air rather than walking.
You learn spells naturally, not from books.
Your magical power is your life essence.
You have superior vitality. (+4 HP)


Message History

Confirm with . or Enter, or press ? or * to list all spells.
Aiming: Sting (safe; 3% risk of failure)
Press: ? - help, Shift-Dir - straight line, f/p - phantom
Aim: a phantom (heavily damaged, 64% to hit)
The sting hits the phantom.
The phantom is heavily damaged.
The phantom completely misses you.
Casting: Sting (safe; 3% risk of failure)
Confirm with . or Enter, or press ? or * to list all spells.
Aiming: Sting (safe; 3% risk of failure)
Press: ? - help, Shift-Dir - straight line, f/p - phantom
Aim: a phantom (heavily damaged, 64% to hit)
The sting hits the phantom.
The phantom partially resists.
The phantom is heavily damaged.
The phantom hits you.
* * * LOW HITPOINT WARNING * * *
The phantom blinks!
You blink.
There is a stone staircase leading up here.
The phantom hits you.
* * * LOW HITPOINT WARNING * * *
You fly upwards.
There is a stone staircase leading down here.
Casting: Sting (safe; 3% risk of failure)
Confirm with . or Enter, or press ? or * to list all spells.
Aiming: Sting (safe; 3% risk of failure)
Press: ? - help, Shift-Dir - straight line, f - phantom
Aim: a phantom (moderately damaged, 64% to hit)
The sting misses the phantom.
* * * LOW HITPOINT WARNING * * *
The phantom hits you!
* * * LOW HITPOINT WARNING * * *
Casting: Sting (safe; 3% risk of failure)
Confirm with . or Enter, or press ? or * to list all spells.
Aiming: Sting (safe; 3% risk of failure)
Press: ? - help, Shift-Dir - straight line, f/p - phantom
Aim: a phantom (moderately damaged, 64% to hit)
The sting misses the phantom.
* * * LOW HITPOINT WARNING * * *
The phantom hits you.
You die...

##### #...#
#...##############
...............W@#
##########.###.###
.........#.###.#
............##.#
.........#..##.#
............##.####
............##....#
.........#..#####.#
.........#......#.#


You could see a phantom.

Vanquished Creatures
  An orc priest (D:3)
  Jessica (D:2)
  Natasha (thrice) (D:2)
  A hound skeleton (D:4)
  A gnoll (D:4)
  5 adders
  2 adder skeletons (D:4)
  2 worms
  8 dart slugs
  4 orcs (D:3)
  5 ball pythons
  A bat (D:1)
  5 endoplasms
  4 giant cockroaches
  2 goblins (D:3)
  9 hobgoblins
  2 jackals (D:2)
  7 kobolds
  A quokka (D:2)
  4 frilled lizards
  7 rats
75 creatures vanquished.

Notes
Turn   | Place    | Note
-------+----------+-------------------------------------------
     0 | D:1      | lmSkywalker the Djinni Venom Mage began the quest for the
                  | Orb.
     0 | D:1      | Reached XP level 1. HP: 15/15 MP: 0/0
   220 | D:1      | Reached XP level 2. HP: 16/22 MP: 0/0
   505 | D:1      | Reached skill level 1 in Fighting
   858 | D:1      | Reached XP level 3. HP: 24/27 MP: 0/0
   858 | D:1      | Learned a level 1 spell: Apportation
  1055 | D:1      | Found a faded altar of an unknown god.
  1456 | D:2      | Noticed Jessica
  1745 | D:2      | Killed Jessica
  1746 | D:2      | Reached skill level 3 in Dodging
  1746 | D:2      | Reached XP level 4. HP: 21/33 MP: 0/0
  2375 | D:2      | Reached XP level 5. HP: 34/38 MP: 0/0
  2375 | D:2      | Learned a level 2 spell: Blink
  2424 | D:2      | Noticed Natasha
  2431 | D:2      | Killed Natasha
  2547 | D:2      | Noticed Natasha
  2555 | D:2      | Killed Natasha
  2809 | D:2      | Noticed Natasha
  2816 | D:2      | Killed Natasha
  2903 | D:2      | Found Lotesch's Armour Emporium.
  3256 | D:3      | Reached skill level 4 in Dodging
  3256 | D:3      | Reached XP level 6. HP: 39/45 MP: 0/0
  4247 | D:4      | Found an iron altar of Okawaru.
  4247 | D:4      | Noticed an ice beast
  4658 | D:4      | Found an ornate altar of the Wu Jian Council.
  4894 | D:3      | HP: 2/46 [phantom (7)]
  4895 | D:3      | Slain by a phantom

Illustrated notes

Levels and vault maps discovered:
D:1:      onia_arrival_handbag, layout_basic,
          hellmonk_ecumenical_altar_defaced_shrine
D:2:      layout_basic, serial_shops, shop, uniq_natasha, uniq_jessica
D:3:      layout_basic
D:4:      layout_basic, nicolae_overflow_crystal_walls, okawaru_trees_1,
          temple_green, grunt_tough_drop

Skill      XL: |  1  2  3  4  5  6 |
---------------+-------------------+-----
Fighting       | 1 2 3 |  3.1
Dodging        | 3 4 |  4.2
Spellcasting   | 3 |  3.8
Stealth        | |  1.5

Action                   |  1- 3 |  4- 6 || total
-------------------------+-------+-------++-------
Melee: Unarmed           |     1 |       ||     1
       Short sword       |     4 |    39 ||    43
 Cast: Sting             |    40 |    81 ||   121
       Poisonous Vapours |     7 |    44 ||    51
       Ignite Poison     |     1 |       ||     1
       Mephitic Cloud    |       |     1 ||     1
Armor: Robe              |     2 |     9 ||    11
Dodge: Dodged            |    14 |    55 ||    69

Table legend: (Time is in decaauts)
 A = Elapsed time spent in this place.
 B = Non-inter-level travel time spent in this place.
 C = Inter-level travel time spent in this place.
 D = Time resting spent in this place.
 E = Time spent auto-exploring this place.
 F = Levels seen in this place.
 G = Mean time per level.
                   A        B        C        D        E       F      G
               +--------+--------+--------+--------+--------+-----+--------+
         Total |   4905 |   4689 |    216 |   1572 |   1532 |   4 | 1226.2 |
       Dungeon |   4905 |   4689 |    216 |   1572 |   1532 |   4 | 1226.2 |
               +--------+--------+--------+--------+--------+-----+--------+

Top non-repeatable levels by time:
     D:1: 1715 daAuts
     D:2: 1593 daAuts
     D:3: 1132 daAuts
     D:4: 464 daAuts
